 Dungeon Crawl Stone Soup version 0.21.1-1-g345015f (webtiles) character file.

9330 Fang the Cleaver (level 11, -5/69 HPs)
             Began as a Gargoyle Berserker on May 21, 2018.
             Was a High Priest of Trog.
             Slain by a red ugly thing (21 damage)
             ... on level 11 of the Dungeon.
             The game lasted 00:25:03 (12340 turns).

Fang the Cleaver (Gargoyle Berserker)              Turns: 12340, Time: 00:25:03

Health: -5/69      AC: 19    Str: 24    XL:     11   Next: 44%
Magic:  3/3        EV: 15    Int:  8    God:    Trog [*****.]
Gold:   734        SH:  0    Dex:  9    Spells: 10/10 levels left

rFire    . . .     SeeInvis +   D - +6 war axe of Siggu {antimagic, *Slow rC+ Stlth+}
rCold    + . .     Gourm    .   (no shield)
rNeg     + . .     Faith    .   r - +1 robe of Peek-a-Boo {SInv}
rPois    ∞         Spirit   .   (helmet restricted)
rElec    +         Reflect  .   x - +2 cloak
rCorr    .         Harm     +   f - +2 pair of gloves
MR       .....                  (no boots)
Stlth    ++++......             u - amulet of harm
HPRegen  0.61/turn              (no ring)
MPRegen  0.08/turn              t - ring of see invisible

@: no status effects
A: horns 1, talons 1, molten scales 1, negative energy resistance 1,
regeneration 1, electricity resistance, unbreathing, evolution 1, petrification
resistance, rot immunity, AC +8
a: Berserk, Trog's Hand, Brothers in Arms, Burn Spellbooks, Renounce Religion


You were on level 11 of the Dungeon.
You worshipped Trog.
Trog was extremely pleased with you.
You were hungry.

You visited 1 branch of the dungeon, and saw 11 of its levels.

You collected 734 gold pieces.

Inventory:

Hand Weapons
 a - a +1 hand axe of chopping
 D - the +6 war axe of Siggu (weapon) {antimagic, *Slow rC+ Stlth+}
   (You found it on level 11 of the Dungeon)

   It reduces the magical energy of the wielder, and disrupts the spells and
   magical abilities of those hit.
   Natural abilities and divine invocations are not affected.
   It protects you from cold.
   It may slow you when you take damage.
   It makes you more stealthy.
Missiles
 z - 7 javelins (quivered)
Armour
 f - a +2 pair of gloves (worn)
 r - the +1 robe of Peek-a-Boo (worn) {SInv}
   (You found it on level 8 of the Dungeon)

   It lets you see invisible.
 x - a +2 cloak (worn)
 A - the +1 robe "Hankan Veim" {Int+5}
   (You found it on level 10 of the Dungeon)

   It affects your intelligence (+5).
Jewellery
 t - a ring of see invisible (right hand)
 u - an amulet of harm (around neck)
Wands
 e - a wand of digging (9)
 l - a wand of random effects (15)
 n - a wand of polymorph (11)
 C - a wand of acid (13)
Scrolls
 b - 2 scrolls of blinking
 d - 3 scrolls of teleportation
 h - a scroll of enchant weapon
 i - 3 scrolls of remove curse
 o - a scroll of brand weapon
 q - 3 scrolls of magic mapping
 v - a scroll of vulnerability {unknown}
 w - 3 scrolls of identify
 y - a scroll of enchant armour
Potions
 g - 2 potions of brilliance
 j - 2 potions of magic
 k - a potion of ambrosia
 m - 2 potions of haste
 p - 3 potions of curing
 E - a potion of agility
Comestibles
 c - 19 rations


   Skills:
 + Level 8.7 Fighting
 + Level 11.1 Axes
 + Level 2.3 Armour
 + Level 8.2 Dodging
 + Level 5.8 Stealth


You had 10 spell levels left.
You didn't know any spells.

Dungeon Overview and Level Annotations

Branches:
Dungeon (11/15)            Temple (0/1) D:7            Lair (0/6) D:9
    Orc (0/2) D:10

Altars:
Ashenzari
Dithmenos
Elyvilon
Fedhas
Gozag
Makhleb
Nemelex Xobeh
Sif Muna
Yredelemnul
The Shining One

Shops:
D:4 (*=(


Innate Abilities, Weirdness & Mutations

You are resistant to torment.
Your stone body is resilient. (AC +8)
You are immune to poison.
You resist negative energy. (rN+)
You are resistant to electric shocks. (rElec)
You can survive without breathing.
You are immune to petrification.
You are immune to rotting.
You have a pair of small horns on your head.
You have sharp toenails.
You are partially covered in molten scales. (AC +2)
Your natural rate of healing is unusually fast.
You evolve.


Message History

Your headbutt misses the white ugly thing.
The white ugly thing is lightly wounded.
The white ugly thing kicks you but does no damage.
You barely miss the white ugly thing. You headbutt the white ugly thing!
The white ugly thing is lightly wounded.
The white ugly thing kicks you but does no damage.
You slash the white ugly thing! Your kick misses the white ugly thing.
The white ugly thing is moderately wounded.
You barely miss the red ugly thing. The red ugly thing claws you!
You are engulfed in flames!!
The white ugly thing kicks you!
* * * LOW HITPOINT WARNING * * *
The white ugly thing freezes you! You resist.
* * * LOW HITPOINT WARNING * * *
It was a potion of cancellation.
You feel magically purged.
The red ugly thing claws you but does no damage.
The white ugly thing kicks you but does no damage.
You feel much better. The red ugly thing claws you!
* * * LOW HITPOINT WARNING * * *
You are engulfed in flames!!
You die...

#.......#......#.#####'#.........
#.......#......#.#.....#.......(.
........#......#.#.....#.########
##......#......#.#.....#.#.......
.#......########.#.....#.#.......
.#...............#.....#.#.......
.#...............#.....#.#.......
.#.............uu####'##.########
+#..............@................
...###################...........
...#.................#........###
.###.................#........#
.#...................#....<...#
.#......######.......#........#
.#......#....#.......#........#
.#......#....#.......#........#
'#......#....#..######........#


You could see 2 ugly things.

Vanquished Creatures
  A hydra (D:11)
  The ghost of grumblor the Nimble, a novice SpGl of Gozag (D:8)
  An unseen horror (D:10)
  A queen bee (D:8)
  A troll (D:10)
  2 hippogriffs (D:11)
  5 yaks (D:9)
  A shadow (D:11)
  Sigmund (D:2)
  A steam dragon (D:11)
  Eustachio (D:6)
  3 water moccasins
  An acid dragon (D:11)
  7 sky beasts
  2 black bears
  4 orc warriors (D:10)
  2 ice beasts
  A necrophage (D:5)
  3 centaurs
  8 ogres
  3 big kobolds (D:10)
  4 bullfrogs
  2 gnoll sergeants (D:10)
  A scorpion (D:10)
  17 killer bees
  4 howler monkeys
  A crimson imp (D:6)
  A bullfrog zombie (D:7)
  A centaur zombie (D:7)
  6 hounds
  3 jellies
  Crazy Yiuf (D:6)
  2 orc priests (D:3)
  3 bullfrog skeletons
  5 orc wizards
  Jessica (D:2)
  2 iguanas
  3 worker ants
  A hound skeleton (D:8)
  7 gnolls
  15 adders
  4 shadow imps
  2 worms
  4 dart slugs
  10 leopard geckos
  31 orcs
  10 bats
  4 giant cockroaches
  10 goblins
  8 hobgoblins
  4 jackals (D:7)
  5 quokkas
  5 frilled lizards
  4 kobolds (D:2)
  2 leopard gecko skeletons
  2 quokka skeletons
  8 rats
243 creatures vanquished.

Vanquished Creatures (others)
  An orc (D:4)
1 creature vanquished.

Grand Total: 244 creatures vanquished

Notes
Turn   | Place    | Note
-------+----------+-------------------------------------------
     0 | D:1      | Fang the Gargoyle Berserker began the quest for the Orb.
     0 | D:1      | Reached XP level 1. HP: 14/14 MP: 1/1
   161 | D:1      | Reached XP level 2. HP: 14/19 MP: 2/2
   261 | D:1      | Reached skill level 3 in Axes
  1012 | D:1      | Reached XP level 3. HP: 19/23 MP: 3/3
  1485 | D:2      | Reached ** piety under Trog
  1688 | D:2      | Noticed Sigmund
  1695 | D:2      | Killed Sigmund
  1695 | D:2      | Reached skill level 4 in Axes
  1695 | D:2      | Reached XP level 4. HP: 29/29 MP: 4/4
  1695 | D:2      | Reached XP level 5. HP: 33/33 MP: 5/5
  1836 | D:2      | Noticed Jessica
  1854 | D:2      | Killed Jessica
  1854 | D:2      | Reached skill level 1 in Stealth
  2064 | D:3      | Reached skill level 5 in Axes
  2100 | D:3      | Reached XP level 6. HP: 38/38 MP: 6/6
  2381 | D:3      | Found a burning altar of Makhleb.
  3059 | D:3      | Reached *** piety under Trog
  3359 | D:4      | Found Misiesaov's Weapon Emporium.
  3394 | D:4      | Reached XP level 7. HP: 41/43 MP: 7/7
  3423 | D:4      | Found Degiclehulu's General Store.
  3571 | D:4      | Found a white marble altar of Elyvilon.
  3621 | D:4      | Found a basalt altar of Yredelemnul.
  3677 | D:4      | Found Someud's Jewellery Shoppe.
  3699 | D:4      | Found an opulent altar of Gozag.
  3702 | D:4      | Found Heboimes's Weapon Shop.
  3835 | D:5      | Entered Level 5 of the Dungeon
  3886 | D:5      | Reached skill level 6 in Axes
  4158 | D:5      | Found a glowing golden altar of the Shining One.
  4159 | D:5      | Found a shattered altar of Ashenzari.
  4185 | D:5      | Found a shadowy altar of Dithmenos.
  4675 | D:6      | Reached skill level 5 in Fighting
  4742 | D:6      | Reached XP level 8. HP: 30/49 MP: 8/8
  4871 | D:6      | Reached skill level 7 in Axes
  5028 | D:6      | Reached **** piety under Trog
  5263 | D:6      | Found a sparkling altar of Nemelex Xobeh.
  5263 | D:6      | Noticed Eustachio
  5285 | D:6      | Killed Eustachio
  5557 | D:6      | Found a runed door.
  5736 | D:6      | Noticed Crazy Yiuf
  5744 | D:6      | Killed Crazy Yiuf
  5855 | D:7      | Reached skill level 8 in Axes
  5855 | D:7      | Reached XP level 9. HP: 47/55 MP: 9/9
  6400 | D:7      | Found a staircase to the Ecumenical Temple.
  6509 | D:7      | Reached skill level 5 in Dodging
  7539 | D:8      | Noticed grumblor's ghost (novice SpGl)
  7571 | D:8      | Reached skill level 9 in Axes
  7697 | D:8      | Got an ominously black robe
  7713 | D:8      | Identified the cursed +1 robe of Peek-a-Boo {SInv} (You found it on level 8 of the Dungeon)
  7773 | D:8      | Gained mutation: You have sharp toenails. [potion of mutation]
  7773 | D:8      | Gained mutation: You have a pair of small horns on your head. [potion of mutation]
  7773 | D:8      | Gained mutation: You evolve. [potion of mutation]
  7773 | D:8      | Gained mutation: You are partially covered in molten scales. (AC +2) [potion of mutation]
  8105 | D:9      | Reached XP level 10. HP: 43/63 MP: 10/10
  9328 | D:8      | Killed grumblor's ghost
  9808 | D:8      | Gained mutation: Your natural rate of healing is unusually fast. [evolution]
 10118 | D:9      | Reached skill level 10 in Axes
 10350 | D:9      | Found a staircase to the Lair.
 10712 | D:9      | Found a blossoming altar of Fedhas.
 10712 | D:9      | Found a deep blue altar of Sif Muna.
 10825 | D:10     | Entered Level 10 of the Dungeon
 10903 | D:10     | Noticed an unseen horror
 10911 | D:10     | Reached ***** piety under Trog
 10998 | D:10     | Got an ominously black robe
 11009 | D:10     | Identified the +1 robe "Hankan Veim" {Int+5} (You found it on level 10 of the Dungeon)
 11124 | D:10     | Killed an unseen horror
 11124 | D:10     | Reached skill level 5 in Stealth
 11124 | D:10     | Reached XP level 11. HP: 68/68 MP: 11/11
 11327 | D:10     | Found a staircase to the Orcish Mines.
 11532 | D:11     | Noticed a five-headed hydra
 11540 | D:11     | Killed a ten-headed hydra
 11540 | D:11     | Reached skill level 11 in Axes
 11984 | D:11     | Got a translucent war axe
 11985 | D:11     | Identified the +6 war axe of Siggu {antimagic, *Slow rC+ Stlth+} (You found it on level 11 of the Dungeon)
 12332 | D:11     | Noticed a white ugly thing
 12333 | D:11     | Noticed a red ugly thing
 12340 | D:11     | Slain by a red ugly thing

Skill      XL: |  1  2  3  4  5  6  7  8  9 10 11 |
---------------+----------------------------------+-----
Axes           | 3 4 5 6 8 9 10 11 | 11.1
Fighting       | 4 5 7 8 |  8.7
Dodging        | 2 3 4 6 7 8 |  8.2
Stealth        | 1 3 4 5 |  5.8
Armour         | |  2.3

Action                   |  1- 3 |  4- 6 |  7- 9 | 10-12 || total
-------------------------+-------+-------+-------+-------++-------
Melee: Hand axe          |   129 |   197 |   499 |   399 ||  1224
       Kick              |       |       |    20 |    79 ||    99
       Headbutt          |       |       |    20 |    58 ||    78
       War axe           |       |       |       |     6 ||     6
Invok: Berserk           |     1 |     1 |     9 |    10 ||    21
       Burn Spellbooks   |       |       |     1 |     2 ||     3
  Use: Scroll            |       |    10 |    10 |     3 ||    23
       Potion            |       |       |     6 |     2 ||     8
 Stab: Sleeping          |       |       |     3 |     6 ||     9
  Eat: Chunk             |     3 |     6 |    15 |    12 ||    36
       Ration            |       |       |     3 |     3 ||     6
Armor: Animal skin       |    44 |    59 |   126 |       ||   229
       Robe              |       |       |    85 |   195 ||   280
       Skin              |       |       |     1 |       ||     1
Dodge: Dodged            |    84 |   131 |   421 |   220 ||   856
